 Dungeon Crawl Stone Soup version 0.23-a0-767-gdc19b93 (webtiles) character file.

474130 nono the Warrior (level 24, -1/224 HPs)
             Began as a Ghoul Fighter on Jan 19, 2019.
             Was a High Priest of Okawaru.
             Killed from afar by a spriggan air mage (32 damage)
             ... with a bolt of lightning
             ... on level 5 of the Depths.
             The game lasted 03:10:13 (47054 turns).

nono the Warrior (Ghoul Fighter)                   Turns: 47054, Time: 03:10:14

Health: -1/224     AC: 33    Str: 22    XL:     24   Next: 73%
Magic:  32/32      EV: 11    Int: 17    God:    Okawaru [*****.]
Gold:   901        SH: 35    Dex:  8    Spells: 13/23 levels left

rFire    + + .     SeeInvis +     - Unarmed
rCold    + + +     Gourm    .   G - +5 large shield of Indemnity {rC++ Str-4 Int+9 SInv}
rNeg     + + +     Faith    .   m - +7 gold dragon scales
rPois    ∞         Spirit   .   U - +0 helmet {SInv}
rElec    .         Reflect  +   D - scarf {cloud immunity}
rCorr    .         Harm     .   (no gloves)
MR       ++...                  (no boots)
Stlth    ..........             y - +6 amulet of reflection
HPRegen  0.00/turn              X - ring of protection from fire
MPRegen  0.23/turn              A - ring of protection from magic

@: heroism, finesse, rotting, studying Shields
A: rotting body, claws 1, carnivore, cold resistance 1, negative energy
resistance 3, inhibited regeneration, torment resistance, unbreathing
}: 2/15 runes: barnacled, gossamer
a: Heroism, Finesse, Renounce Religion


You were on level 5 of the Depths.
You worshipped Okawaru.
Okawaru was extremely pleased with you.
You were not hungry.

You visited 10 branches of the dungeon, and saw 45 of its levels.
You also visited: Trove, Ossuary, Bailey and Ice Cave.

You collected 5221 gold pieces.
You spent 4320 gold pieces at shops.

Inventory:

Missiles
 J - 6 throwing nets (quivered)
Armour
 m - +7 gold dragon scales (worn)
 s - the +3 shield of Chill Winds {MR++ Str+7 Stlth+}
   (You found it on level 6 of the Lair of Beasts)

   It affects your strength (+7).
   It affects your resistance to hostile enchantments.
   It makes you more stealthy.
 D - a scarf of cloud immunity (worn)
 E - a +1 helmet of intelligence
 G - the +5 large shield of Indemnity (worn) {rC++ Str-4 Int+9 SInv}
   (You took it off Louise on level 4 of the Spider Nest)

   It affects your strength (-4).
   It affects your intelligence (+9).
   It greatly protects you from cold.
   It lets you see invisible.
 U - a +0 helmet of see invisible (worn)
Jewellery
 w - the ring of Zeecs {rC+ Int+2}
   (You found it in a treasure trove)

   [ring of protection from cold]

   It affects your intelligence (+2).
   It protects you from cold.
 y - a +6 amulet of reflection (around neck)
 A - a ring of protection from magic (right claw)
 I - the ring of the Ancients {Fire Dex+3}
   (You found it on level 2 of the Depths)

   [ring of fire]

   It enhances your fire magic.
   It affects your dexterity (+3).
   It protects you from fire.
   It makes you vulnerable to cold.
 O - an uncursed ring of resist corrosion
 R - the amulet of Nihilism {Faith +Fly rF- Str+8 Int+5}
   (You found it on level 4 of the Shoals)

   [amulet of faith]

   It allows you to gain divine favour quickly.
   It affects your strength (+8).
   It affects your intelligence (+5).
   It makes you vulnerable to fire.
   It lets you fly.
 X - a ring of protection from fire (left claw)
 Y - an uncursed ring of protection from magic
Wands
 t - a wand of digging (5)
 v - a wand of iceblast (13)
 H - a wand of flame (31)
 L - a wand of acid (27)
 S - a wand of scattershot (11)
 W - a wand of clouds (6)
Scrolls
 c - 4 scrolls of torment
 e - 17 scrolls of teleportation
 g - 6 scrolls of blinking
 h - 15 scrolls of remove curse
 k - 8 scrolls of fog
 l - 7 scrolls of magic mapping
 p - a scroll of acquirement
 u - 3 scrolls of immolation
 x - 8 scrolls of fear
 C - a scroll of summoning
 M - 11 scrolls of identify
 Q - 3 scrolls of enchant weapon
Potions
 a - 3 potions of resistance
 f - 3 potions of haste
 i - 9 potions of agility
 j - 9 potions of heal wounds
 o - 2 potions of cancellation
 q - 15 potions of curing
 z - 7 potions of magic
 B - 6 potions of flight
 F - 3 potions of brilliance
 N - a potion of invisibility
 P - 3 potions of might
 Z - 5 potions of ambrosia
Books
 K - a manual of Shields
Miscellaneous
 r - a fan of gales
 V - 2 boxes of beasts
Comestibles
 d - 81 rations


   Skills:
 + Level 20.0(25.0) Fighting
 + Level 17.2(22.2) Armour
 - Level 12.5(17.5) Dodging
 + Level 17.9(22.9) Shields
 + Level 19.9(24.9) Unarmed Combat
 - Level 7.0 Charms
 - Level 10.0 Necromancy
 + Level 13.5 Invocations


You had 13 spell levels left.
You knew the following spells:

 Your Spells              Type           Power        Failure   Level  Hunger
a - Animate Skeleton      Necr           N/A          9%          1    ##.....
b - Corpse Rot            Necr           N/A          12%         2    ###....
c - Regeneration          Chrm/Necr      ####......   41%         3    ####...
d - Animate Dead          Necr           N/A          63%         4    #####..

Your spell library contained the following spells:

 Spells                   Type           Power        Failure   Level  Hunger
 Pain                     Necr           ####         9%          1    ##.....
 Vampiric Draining        Necr           ####......   24%         3    ####...
 Infusion                 Chrm           ###.         28%         1    ##.....
 Song of Slaying          Chrm           ###.....     38%         2    ###....
 Shroud of Golubria       Chrm/Tloc      ##........   87%         2    ###....
 Agony                    Necr           ####....     92%         5    ######.
 Dispel Undead            Necr           ####....     92%         5    ######.
 Spectral Weapon          Hex/Chrm       ##......     98%         3    ####...
 Corona                   Hex            #......      99%         1    ##.....
 Flame Tongue             Conj/Fire      #....        99%         1    ##.....
 Magic Dart               Conj           #...         99%         1    ##.....
 Sandblast                Erth           #.....       99%         1    ##.....
 Summon Small Mammal      Summ           #...         99%         1    ##.....
 Excruciating Wounds      Chrm/Necr      ####......   99%         5    ######.
 Call Imp                 Summ           #.......     100%        2    ###....
 Ensorcelled Hibernation  Hex/Ice        #.....       100%        2    ###....
 Passwall                 Tmut/Erth      #.......     100%        2    ###....
 Searing Ray              Conj           #.....       100%        2    ###....
 Slow                     Hex            #.......     100%        2    ###....
 Sticks to Snakes         Tmut           #.......     100%        2    ###....
 Throw Flame              Conj/Fire      #.....       100%        2    ###....
 Call Canine Familiar     Summ           #.......     100%        3    ####...
 Confuse                  Hex            #.......     100%        3    ####...
 Conjure Flame            Conj/Fire      #.......     100%        3    ####...
 Dazzling Spray           Conj/Hex       #.....       100%        3    ####...
 Ignite Poison            Fire/Tmut/Pois #.......     100%        3    ####...
 Inner Flame              Hex/Fire       #.......     100%        3    ####...
 Mephitic Cloud           Conj/Pois/Air  #.......     100%        3    ####...
 Recall                   Summ/Tloc      N/A          100%        3    ####...
 Static Discharge         Conj/Air       #.......     100%        3    ####...
 Stone Arrow              Conj/Erth      #.....       100%        3    ####...
 Summon Guardian Golem    Hex/Summ       #.......     100%        3    ####...
 Tukima's Dance           Hex            #.......     100%        3    ####...
 Cause Fear               Hex            #.........   100%        4    #####..
 Force Lance              Conj/Tloc      #.......     100%        4    #####..
 Fulminant Prism          Conj/Hex       #.........   100%        4    #####..
 Iskenderun's Mystic Bla  Conj           #.......     100%        4    #####..
 Petrify                  Tmut/Erth      #.......     100%        4    #####..
 Sticky Flame             Conj/Fire      #.......     100%        4    #####..
 Summon Ice Beast         Ice/Summ       #.......     100%        4    #####..
 Summon Lightning Spire   Summ/Air       #.......     100%        4    #####..
 Aura of Abjuration       Summ           #.........   100%        5    ######.
 Bolt of Draining         Conj/Necr      ###.......   100%        5    ######.
 Borgnjor's Vile Clutch   Necr/Erth      ###.......   100%        5    ######.
 Fireball                 Conj/Fire      #.........   100%        5    ######.
 Lee's Rapid Deconstruct  Erth           #.........   100%        5    ######.
 Lightning Bolt           Conj/Air       #.........   100%        5    ######.
 Silence                  Hex/Air        #.........   100%        5    ######.
 Summon Demon             Summ           #.........   100%        5    ######.
 Summon Forest            Summ/Tloc      #.........   100%        5    ######.
 Summon Mana Viper        Hex/Summ       #.......     100%        5    ######.
 Yara's Violent Unravell  Hex/Tmut       #.........   100%        5    ######.
 Bolt of Cold             Conj/Ice       #.........   100%        6    #######
 Bolt of Fire             Conj/Fire      #.........   100%        6    #######
 Death Channel            Necr           ####......   100%        6    #######
 Deflect Missiles         Chrm/Air       ##........   100%        6    #######
 Shadow Creatures         Summ           N/A          100%        6    #######
 Simulacrum               Ice/Necr       ###.......   100%        6    #######
 Ring of Flames           Chrm/Fire      ##........   100%        7    #######
 Discord                  Hex            #.........   100%        8    #######
 Ignition                 Fire           #.........   100%        8    #######
 Lehudib's Crystal Spear  Conj/Erth      #.........   100%        8    #######
 Shatter                  Erth           #.........   100%        9    #######
 Tornado                  Air            #.........   100%        9    #######
 Sublimation of Blood     Necr           Unusable     N/A         2    N/A
 Beastly Appendage        Tmut           Unusable     N/A         1    N/A
 Spider Form              Tmut/Pois      Unusable     N/A         3    N/A
 Ice Form                 Ice/Tmut       Unusable     N/A         4    N/A
 Blade Hands              Tmut           Unusable     N/A         5    N/A
 Necromutation            Tmut/Necr      Unusable     N/A         8    N/A

Dungeon Overview and Level Annotations

Branches:
Dungeon (15/15)            Temple (1/1) D:4            Lair (6/6) D:11
 Shoals (4/4) Lair:4       Spider (4/4) Lair:4        Slime (0/5) Lair:6
    Orc (2/2) D:9             Elf (0/3) Orc:2        Vaults (4/5) D:14
  Crypt (3/3) Vaults:3       Tomb (1/3) Crypt:3      Depths (5/5) D:15
    Zot: Depths:5

Altars:
Ashenzari
Cheibriados
Dithmenos
Elyvilon
Fedhas
Hepliaklqana
Kikubaaqudgha
Nemelex Xobeh
Okawaru
Ru
Sif Muna
Trog
Uskayaw
Vehumet
Wu Jian
Xom
Yredelemnul
Zin
The Shining One
Beogh
Jiyva

Shops:
D:5 *   D:11 ?   D:12 }   D:14 }*   Orc:1 %*[%(   Orc:2 ?}%!   Shoals:1 [
Vaults:1 *%(*   Vaults:3 (   Depths:1 }=}

Portals:
Hell: Depths:1 Depths:2 Depths:3 Depths:4
Abyss: Depths:2 Depths:3 Depths:4
Pandemonium: Depths:1 Depths:3
Ziggurat: Depths:4

Annotations:
Crypt:3 Mennas
Depths:2 2 transporters


Innate Abilities, Weirdness & Mutations

Your body is rotting away.
You thrive on raw meat.
You are immune to poison.
You have sharp fingernails.
You are carnivorous and can eat meat at any time.
Your flesh is cold resistant. (rC+)
You are immune to negative energy. (rN+++)
You do not regenerate when monsters are visible.
You are immune to unholy pain and torment.
You can survive without breathing.


Message History

* * * LOW HITPOINT WARNING * * *
The white draconian breathes frost at you.
The chilling blast hits you! You resist.
* * * LOW HITPOINT WARNING * * *
You hear a shout! x2
A hell knight comes into view.
It is wielding a +3 long sword of draining.
A spriggan air mage comes into view.
The spriggan air mage waves its arms in wide circles.
The air twists around and strikes you!
* * * LOW HITPOINT WARNING * * *
The spriggan air mage waves its arms in wide circles.
The air twists around and strikes you!
* * * LOW HITPOINT WARNING * * *
The necromancer casts a spell.
The necromancer flickers and vanishes for a moment.
The necromancer gestures wildly while chanting.
The necromancer binds the souls of nearby monsters.
The spriggan air mage casts a spell at you.
The bolt of lightning hits you!
You die...

#..........$.. ..
#..#.#.#.#..#. .#
#...........#. .# .
#..#.#.#.#..#. .# D.
#...........#.#.# .C.
#..#.#.#.#.##...# ....
#...........#####C....
#.@....d.p..)D.....
#......#....p.##).....
####..#####.i.........
#......)..#...(.....
#.#########.#.#.#...
#. ... ..#.i.....
###.### ###.#.#... #
...... ..###


You could see a white draconian, a hell knight, a spriggan air mage and a
necromancer (invisible).

Vanquished Creatures
  Mennas (Crypt:3)
  Margery (Depths:4)
  2 golden dragons
  Jory (Depths:5)
  the Enchantress (Depths:1)
  2 bone dragons (Crypt:3)
  7 liches
  A tentacled monstrosity (Depths:3)
  9 ancient champions
  5 sphinxes
  3 storm dragons
  Polyphemus (Shoals:4)
  A shadow dragon (Depths:3)
  A tengu reaver (Depths:2)
  2 revenants
  7 fire giants
  Roxanne (Spider:3)
  6 frost giants
  3 deep elf sorcerers
  An iron dragon (Depths:2)
  2 orc warlords
  Louise (Spider:4)
  4 ghost moths (Spider:4)
  9 vault wardens
  2 curse skulls
  5 emperor scorpions
  A reaper (IceCv)
  11 ghouls
  3 spriggan defenders (Depths:1)
  A draconian stormcaller (Depths:5)
  15 ironheart preservers
  9 very ugly things
  3 war gargoyles
  12 stone giants
  8 entropy weavers
  16 vampire knights
  2 deep elf annihilators (Vaults:2)
  2 deep elf demonologists
  4 spark wasps
  A red draconian (Depths:5)
  7 ettins
  An eidolon (Vaults:3)
  Snorg (D:14)
  2 quicksilver dragon zombies
  The ghost of epen the Carver, a journeyman GnCK of Xom (D:13)
  5 fire dragons
  5 merfolk impalers (Shoals:4)
  Josephine (Orc:2)
  13 ogre magi
  5 merfolk javelineers
  5 great orbs of eyes
  3 mummy priests
  13 yaktaur captains
  7 vault guards
  15 jiangshi
  Harold (D:8)
  5 rakshasas
  6 hydras
  An alligator snapping turtle (Shoals:4)
  4 ice dragons
  2 catoblepae
  A monstrous demonspawn (Depths:3)
  8 centaur warriors
  4 merfolk avatars
  6 spriggan air magi
  6 death knights
  2 merfolk aquamancers (Shoals:4)
  An alligator (Lair:6)
  41 two-headed ogres
  5 deep troll shamans
  4 death yaks (Shoals:4)
  2 tengu warriors
  A queen ant (Spider:1)
  5 deep troll earth magi
  9 spriggan berserkers
  8 vampire magi
  A shock serpent (shapeshifter) (Vaults:2)
  An iron troll (Depths:4)
  9 deep elf knights
  17 hell knights
  6 shadow wraiths
  3 soul eaters
  12 skeletal warriors
  A death drake (shapeshifter) (Depths:3)
  5 flayed ghosts
  An entropy weaver zombie (Crypt:2)
  12 sea snakes
  A sea snake (shapeshifter) (Vaults:2)
  An anaconda zombie (Crypt:3)
  6 wizards
  31 deep trolls
  An unseen horror (shapeshifter) (Vaults:2)
  An unseen horror (Vaults:1)
  A ghost moth zombie (Crypt:3)
  A golden dragon skeleton (Crypt:3)
  2 glowing orange brains
  A glowing orange brain (shapeshifter) (Vaults:1)
  4 phantasmal warriors
  4 deep elf archers
  15 ironbrand convokers
  A shadow dragon zombie (Crypt:3)
  24 harpies
  6 necromancers
  23 orb spiders
  A shadow dragon skeleton (Crypt:2)
  12 orc knights
  17 deep elf magi
  A faun (Shoals:2)
  An iron dragon zombie (Crypt:3)
  A frost giant zombie (Vaults:4)
  A sphinx skeleton (Vaults:3)
  A stone giant zombie (Crypt:2)
  3 orc sorcerers
  24 wolf spiders
  16 manticores
  57 ugly things
  8 cyclopes
  2 salamanders (Depths:4)
  An iron dragon skeleton (Tomb:1)
  2 ice statues (IceCv)
  5 merfolk sirens
  4 black mambas
  5 water nymphs
  4 elephants (Lair:5)
  12 vault sentinels
  A molten gargoyle (Lair:2)
  7 spiny frogs
  3 torpor snails
  A smoke demon (Depths:3)
  A titan simulacrum (Crypt:2)
  2 spiny frogs (shapeshifter)
  A hellion (Depths:3)
  13 freezing wraiths
  A redback zombie (Crypt:1)
  5 rime drakes
  46 yaktaurs
  4 komodo dragons
  10 guardian mummies
  10 demonic crawlers
  A queen ant zombie (Crypt:2)
  A white draconian skeleton (Crypt:3)
  A tengu conjurer (Depths:3)
  10 ice devils (IceCv)
  25 jumping spiders
  A hydra zombie (Crypt:2)
  5 wind drakes
  A yellow draconian skeleton (Crypt:1)
  17 trolls
  A meliai (shapeshifter) (Depths:2)
  A red draconian skeleton (Crypt:3)
  A polar bear (shapeshifter) (Vaults:4)
  A queen bee (shapeshifter) (Vaults:1)
  A troll (shapeshifter) (Depths:1)
  15 human skeletons
  3 meliai (D:14)
  12 polar bears
  21 slime creatures
  3 bog bodies
  19 merfolk
  Grinder (D:4)
  A hippogriff (shapeshifter) (Vaults:3)
  An ettin zombie (Crypt:2)
  8 hornets
  Prince Ribbit (D:7)
  13 blink frogs
  11 snapping turtles
  11 dream sheep
  6 hippogriffs
  4 raiju (Lair:6)
  A fire dragon zombie (Crypt:2)
  3 shadows
  32 tarantellas
  67 redbacks
  A vampire (D:14)
  A fire dragon skeleton (Crypt:3)
  6 spriggans
  A wyvern (D:12)
  43 yaks
  2 ynoxinuls (Depths:3)
  An ushabti (Tomb:1)
  Eustachio (D:5)
  A fire elemental (Depths:4)
  16 wraiths
  20 humans
  Grum (D:8)
  3 water elementals
  4 vampire mosquitoes (D:15)
  A basilisk (D:14)
  A steam dragon (D:11)
  A faun zombie (Crypt:1)
  A soldier ant (shapeshifter) (Vaults:3)
  2 soldier ants (Spider:1)
  16 wargs
  2 floating eyes
  2 acid dragons
  5 water moccasins
  A two-headed ogre zombie (Crypt:2)
  11 hell hounds (Lair:6)
  11 porcupines
  42 orc warriors
  13 black bears
  A faun skeleton (Crypt:1)
  A hornet zombie (D:15)
  5 ice beasts
  4 phantoms
  5 sky beasts
  A blink frog zombie (Crypt:1)
  A merfolk skeleton (Crypt:2)
  2 snapping turtle zombies
  2 eyes of draining
  44 ogres
  2 necrophages
  15 boggarts
  A boggart (shapeshifter) (Depths:1)
  12 centaurs
  30 wolves
  14 crocodiles
  A fire crab zombie (Crypt:1)
  A yaktaur zombie (Crypt:2)
  Blork the orc (D:4)
  An elf zombie (Crypt:3)
  5 big kobolds
  18 bullfrogs
  2 wyvern zombies
  3 earth elementals (Spider:4)
  A gnoll sergeant (D:6)
  A water moccasin zombie (D:9)
  2 wyvern skeletons
  9 scorpions
  21 killer bees
  5 wights
  6 electric eels
  A wolf zombie (Crypt:3)
  2 centaur zombies
  10 crimson imps
  2 bullfrog zombies
  7 hounds
  3 human zombies
  A quasit (D:9)
  An iron imp (Depths:1)
  3 jellies
  18 orc priests
  28 orc wizards
  4 bullfrog skeletons
  A gnoll shaman (D:7)
  A centaur skeleton (D:8)
  2 iguanas
  19 worker ants
  2 big kobold zombies (Ossuary)
  14 mummies
  Robin (D:4)
  20 gnolls
  12 adders
  4 shadow imps
  9 white imps
  7 ufetubi (IceCv)
  A lava snake zombie (Crypt:2)
  4 oozes
  3 adder zombies
  2 worms
  A barachi zombie (Crypt:3)
  3 dart slugs
  8 leopard geckos
  99 orcs
  A ball python (D:4)
  9 giant cockroaches
  23 goblins
  22 hobgoblins
  8 jackals
  4 quokkas
  7 bats
  3 frilled lizards
  A goblin zombie (Ossuary)
  9 hobgoblin zombies (Ossuary)
  2 jackal zombies (Ossuary)
  40 kobolds
  A kobold skeleton (Crypt:1)
  7 kobold zombies (Ossuary)
  9 orc zombies (Ossuary)
  A quokka zombie (D:8)
  13 rats
  2 rat zombies (Ossuary)
  A river rat skeleton (Crypt:3)
  4 plants
2034 creatures vanquished.

Vanquished Creatures (collateral kills)
  Arachne (Spider:4)
  2 jiangshi (Crypt:3)
  A jumping spider (Spider:1)
  2 hornets (Spider:4)
6 creatures vanquished.

Vanquished Creatures (others)
  3 stone giants
  Nessos (D:14)
  3 merfolk javelineers (Shoals:4)
  A yaktaur captain (Vaults:1)
  A centaur warrior (Depths:1)
  A satyr (Shoals:3)
  A cyclops (Shoals:4)
  11 yaktaurs
  A merfolk (Shoals:3)
  A jumping spider (Spider:2)
  A hornet (Spider:4)
  A redback (Spider:3)
  2 orc warriors
  An ogre (Vaults:2)
  3 centaurs
  An orc priest (D:13)
  An orc wizard (Orc:2)
  2 white imps (IceCv)
  3 ufetubi (IceCv)
  4 orcs
  5 kobolds (Bailey)
  A bush (Lair:3)
  7 fungi
  16 plants
72 creatures vanquished.

Grand Total: 2112 creatures vanquished

Notes
Turn   | Place    | Note
-------+----------+-------------------------------------------
     0 | D:1      | nono the Ghoul Fighter began the quest for the Orb.
     0 | D:1      | Reached XP level 1. HP: 19/19 MP: 0/0
   107 | D:1      | Reached XP level 2. HP: 24/26 MP: 1/1
   449 | D:1      | Reached XP level 3. HP: 29/31 MP: 2/2
   667 | D:3      | HP: 1/33 [gnoll (4)]
   669 | D:3      | Reached XP level 4. HP: 1/40 MP: 3/3
   899 | D:2      | Reached skill level 4 in Fighting
  1119 | D:2      | You fall through a shaft for 2 floors!
  1120 | D:4      | Identified the -5 helmet of Cogainno {*Drain Int+4}
  1120 | D:4      | Noticed Robin
  1125 | D:4      | Reached XP level 5. HP: 36/46 MP: 4/4
  1166 | D:4      | Killed Robin
  1363 | D:4      | Noticed Grinder
  1987 | D:3      | Reached XP level 6. HP: 52/53 MP: 5/5
  2215 | D:3      | Found a shimmering altar of Xom.
  2231 | D:3      | Paralysed by a crimson imp for 6 turns
  2382 | D:4      | Found a staircase to the Ecumenical Temple.
  2391 | Temple   | Entered the Ecumenical Temple
  2442 | Temple   | Became a worshipper of Warmaster Okawaru
  2486 | D:4      | Paralysed by Grinder for 5 turns
  2516 | D:4      | Paralysed by something for 6 turns
  2517 | D:4      | Noticed Blork the orc
  2522 | D:4      | Killed Grinder
  2522 | D:4      | Reached * piety under Okawaru
  2522 | D:4      | Reached skill level 5 in Fighting
  2522 | D:4      | Reached XP level 7. HP: 24/61 MP: 6/6
  2528 | D:4      | Killed Blork the orc
  2979 | D:5      | Entered Level 5 of the Dungeon
  3284 | D:5      | Noticed Eustachio
  3336 | D:5      | Killed Eustachio
  3336 | D:5      | Reached skill level 5 in Unarmed Combat
  3336 | D:5      | Reached XP level 8. HP: 58/69 MP: 7/7
  3526 | D:5      | Reached ** piety under Okawaru
  3526 | D:5      | Reached skill level 6 in Fighting
  3526 | D:5      | Reached skill level 5 in Shields
  3541 | D:5      | Reached skill level 5 in Armour
  3782 | D:5      | Found Pezew's Assorted Antiques.
  3841 | D:5      | Bought a scroll of remove curse for 63 gold pieces
  4033 | D:5      | Found a sacrificial altar of Ru.
  4957 | D:6      | Reached XP level 9. HP: 77/77 MP: 8/8
  4984 | D:6      | Reached skill level 7 in Fighting
  5437 | D:7      | Noticed Prince Ribbit
  5441 | D:7      | Killed Prince Ribbit
  5587 | D:7      | Found a sand-covered staircase.
  5594 | Ossuary  | Entered an ossuary
  5846 | Ossuary  | Reached *** piety under Okawaru
  6115 | D:7      | Found a radiant altar of Vehumet.
  6135 | D:7      | Reached skill level 8 in Fighting
  6481 | D:8      | Found an ancient bone altar of Kikubaaqudgha.
  6481 | D:8      | Found a shattered altar of Ashenzari.
  6495 | D:8      | Found a glowing golden altar of the Shining One.
  6497 | D:8      | Found a white marble altar of Elyvilon.
  6498 | D:8      | Found a basalt altar of Yredelemnul.
  6609 | D:8      | Noticed a two-headed ogre
  6617 | D:8      | Killed a two-headed ogre
  6617 | D:8      | Reached XP level 10. HP: 67/90 MP: 6/9
  6757 | D:8      | Reached **** piety under Okawaru
  6830 | D:8      | Noticed a three-headed hydra
  6839 | D:8      | Killed a three-headed hydra
  6839 | D:8      | Reached skill level 9 in Fighting
  6918 | D:8      | Noticed Harold
  6931 | D:8      | Killed Harold
  6931 | D:8      | Reached ***** piety under Okawaru
  7264 | D:8      | Noticed Grum
  7276 | D:8      | Reached XP level 11. HP: 85/97 MP: 10/10
  7283 | D:8      | Killed Grum
  7679 | D:9      | Found an iron altar of Okawaru.
  7866 | D:9      | Received a gift from Okawaru
  7873 | D:9      | Found a hide-covered altar of Uskayaw.
  7944 | D:9      | Reached skill level 10 in Fighting
  8138 | D:9      | Found a staircase to the Orcish Mines.
  8218 | D:9      | Found a roughly hewn altar of Beogh.
  8341 | D:10     | Entered Level 10 of the Dungeon
  8635 | D:10     | Reached skill level 10 in Unarmed Combat
  8921 | D:10     | You fall through a shaft for 3 floors!
  8932 | D:13     | Noticed a centaur warrior
  8973 | D:12     | Received a gift from Okawaru
  9009 | D:12     | Noticed a four-headed hydra
  9020 | D:12     | Killed a four-headed hydra
  9020 | D:12     | Reached skill level 1 in Invocations
  9107 | D:12     | Found Zuelax's Gadget Boutique.
  9184 | D:11     | Found a staircase to the Lair.
  9258 | D:11     | Found Fosoad's Magic Scroll Boutique.
  9304 | D:11     | Got a transparent leather armour
  9315 | D:11     | Identified the +0 leather armour of Resonance {rCorr SInv}
                  | (You found it on level 11 of the Dungeon)
  9403 | D:11     | Noticed a cyan ugly thing
  9418 | D:11     | Killed a cyan ugly thing
  9423 | D:11     | Reached XP level 12. HP: 57/108 MP: 7/13
  9484 | D:11     | Noticed an eight-headed hydra
  9496 | D:11     | Killed an eight-headed hydra
  9726 | D:11     | Noticed a five-headed hydra
  9744 | D:11     | Killed a five-headed hydra
 10064 | Lair:1   | Entered Level 1 of the Lair of Beasts
 10217 | Lair:1   | Noticed a five-headed hydra
 10228 | Lair:1   | Killed a five-headed hydra
 10228 | Lair:1   | Reached skill level 11 in Fighting
 10228 | Lair:1   | Reached skill level 5 in Invocations
 10459 | Lair:1   | Found an iron altar of Okawaru.
 11263 | Lair:2   | Received a gift from Okawaru
 11405 | Lair:2   | You fall through a shaft!
 11513 | Lair:3   | Noticed a seven-headed hydra
 11536 | Lair:3   | Killed a seven-headed hydra
 11674 | Lair:3   | Reached skill level 10 in Shields
 11832 | Lair:3   | Reached skill level 10 in Armour
 11875 | Lair:3   | Reached XP level 13. HP: 117/117 MP: 15/15
 12825 | Lair:4   | Reached skill level 12 in Fighting
 12908 | Lair:4   | Received a gift from Okawaru
 13146 | Lair:4   | Found a staircase to the Shoals.
 13253 | Lair:4   | Found a hole to the Spider Nest.
 13583 | Lair:4   | Found a snail-covered altar of Cheibriados.
 13957 | Lair:5   | You fall through a shaft!
 13957 | Lair:6   | Entered Level 6 of the Lair of Beasts
 14013 | Lair:6   | Found a frozen archway.
 14035 | IceCv    | Entered an ice cave
 14214 | IceCv    | Received a gift from Okawaru
 14255 | IceCv    | Noticed a reaper
 14264 | IceCv    | Killed a reaper
 14785 | Lair:6   | Received a gift from Okawaru
 14806 | Lair:6   | Reached XP level 14. HP: 102/127 MP: 16/16
 14844 | Lair:6   | Reached skill level 13 in Fighting
 14891 | Lair:6   | Got a shimmering shield
 14905 | Lair:6   | Identified the +3 shield of Chill Winds {MR++ Str+7 Stlth+}
                  | (You found it on level 6 of the Lair of Beasts)
 15195 | Lair:6   | Found a staircase to the Slime Pits.
 15202 | Lair:6   | Found a viscous altar of Jiyva.
 15989 | Lair:5   | Received a gift from Okawaru
 17327 | D:13     | Found a runed door.
 17336 | D:13     | Noticed epen's ghost (journeyman GnCK)
 17354 | D:13     | Killed epen's ghost
 17740 | Orc:1    | Entered Level 1 of the Orcish Mines
 17777 | Orc:1    | Found Uczitoag's Weapon Emporium.
 17797 | Orc:1    | Noticed a stone giant
 17801 | Orc:1    | Killed a stone giant
 17803 | Orc:1    | Found Jerat's Armour Boutique.
 17807 | Orc:1    | Found Defalyke's Assorted Antiques.
 17857 | Orc:1    | Found Cetadea's Food Emporium.
 17857 | Orc:1    | You fall through a shaft!
 17857 | Orc:2    | Entered Level 2 of the Orcish Mines
 17923 | Orc:1    | Noticed an orc warlord
 17945 | Orc:1    | Killed an orc warlord
 17948 | Orc:1    | Found a flagged portal.
 17992 | Orc:1    | Found Fymmyen's Food Shoppe.
 18027 | Bailey   | Entered a bailey
 18143 | Bailey   | Reached skill level 14 in Fighting
 18547 | Orc:1    | Reached XP level 15. HP: 137/137 MP: 17/17
 18618 | Orc:1    | Found a bloodstained altar of Trog.
 18904 | Orc:2    | Noticed an orc warlord
 18924 | Orc:2    | Killed an orc warlord
 19022 | Orc:2    | Noticed Josephine
 19049 | Orc:2    | Killed Josephine
 19346 | Orc:2    | Found a staircase to the Elven Halls.
 19355 | Orc:2    | Found Syuluum's Food Boutique.
 19518 | Orc:2    | Received a gift from Okawaru
 20072 | Orc:2    | Found Foti's Magic Scroll Boutique.
 20074 | Orc:2    | Found Isikhloe's Distillery.
 20081 | Orc:2    | Found Anguyluri's Gadget Shop.
 20092 | Orc:2    | Bought 2 potions of might for 88 gold pieces
 20092 | Orc:2    | Bought a potion of agility for 44 gold pieces
 20092 | Orc:2    | Bought a potion of heal wounds for 55 gold pieces
 20092 | Orc:2    | Bought a potion of invisibility for 88 gold pieces
 20097 | Orc:2    | Bought a wand of clouds (3) for 252 gold pieces
 20108 | Orc:2    | Bought a scroll of magic mapping for 49 gold pieces
 20375 | D:14     | Noticed Snorg
 20385 | D:14     | Killed Snorg
 20421 | D:14     | Found a basalt altar of Yredelemnul.
 20653 | D:14     | Found a gate to the Vaults.
 21062 | D:14     | Reached XP level 16. HP: 147/147 MP: 20/20
 21110 | D:14     | Noticed Nessos
 21118 | D:14     | Killed Nessos
 21364 | D:14     | Found Ciwo's Gadget Emporium.
 21483 | D:14     | Found Imnal's Elemental Accessories.
 21489 | D:14     | Bought a wand of clouds (3) for 252 gold pieces
 21696 | D:15     | Entered Level 15 of the Dungeon
 21752 | D:15     | Found a staircase to the Depths.
 21875 | D:15     | Found a shattered altar of Ashenzari.
 21901 | D:15     | Reached skill level 15 in Fighting
 22392 | Shoals:1 | Entered Level 1 of the Shoals
 22392 | Shoals:1 | Found Pirogriuc's Armour Emporium.
 22396 | Shoals:1 | Reached skill level 15 in Unarmed Combat
 22437 | Shoals:1 | Bought the +7 chain mail of Rationality {SInv} for 659 gold
                  | pieces
 22478 | Shoals:1 | Received a gift from Okawaru
 22484 | Shoals:1 | Got a jewelled plate armour {god gift}
 22497 | Shoals:1 | Identified the +2 plate armour of the Lumpy Friends {Dex+3
                  | Stlth+} (Okawaru gifted it to you on level 1 of the Shoals)
 23969 | Shoals:4 | Entered Level 4 of the Shoals
 24065 | Shoals:4 | Got a dazzling ring mail
 24076 | Shoals:4 | Identified the cursed +0 ring mail of the Ward {Dex+3} (You
                  | found it on level 4 of the Shoals)
 24225 | Shoals:4 | Noticed Polyphemus
 24250 | Shoals:4 | Killed Polyphemus
 24268 | Shoals:4 | Reached XP level 17. HP: 50/156 MP: 21/23
 24622 | Shoals:4 | Received a gift from Okawaru
 24865 | Shoals:4 | Received a gift from Okawaru
 25014 | Shoals:4 | Reached skill level 10 in Invocations
 25031 | Shoals:4 | Reached skill level 16 in Fighting
 25047 | Shoals:4 | Got a barnacled rune of Zot
 25180 | Shoals:4 | Got an ancient pewter amulet
 25184 | Shoals:4 | Identified the amulet of Nihilism {Faith +Fly rF- Str+8
                  | Int+5} (You found it on level 4 of the Shoals)
 25348 | Spider:1 | Entered Level 1 of the Spider Nest
 25432 | Spider:1 | Received a gift from Okawaru
 26609 | Spider:2 | Reached XP level 18. HP: 121/167 MP: 25/25
 27315 | Spider:3 | Noticed Roxanne
 27326 | Spider:3 | Killed Roxanne
 27756 | Spider:4 | Entered Level 4 of the Spider Nest
 27886 | Spider:4 | Received a gift from Okawaru
 27948 | Spider:4 | Noticed Arachne
 27958 | Spider:4 | Killed Arachne
 28309 | Spider:4 | Identified the +5 large shield of Indemnity {rC++ Str-4
                  | Int+9 SInv}
 28309 | Spider:4 | Noticed Louise
 28335 | Spider:4 | Killed Louise
 28451 | Spider:4 | Reached skill level 17 in Fighting
 28552 | Spider:4 | Got a gossamer rune of Zot
 28839 | Vaults:1 | Entered Level 1 of the Vaults
 29064 | Vaults:1 | Received a gift from Okawaru
 29068 | Vaults:1 | Reached XP level 19. HP: 172/177 MP: 27/27
 29370 | Vaults:1 | Found Retiuplu's Assorted Antiques.
 29535 | Vaults:1 | Reached ****** piety under Okawaru
 29705 | Vaults:1 | Reached skill level 15 in Shields
 29736 | Vaults:1 | Received a gift from Okawaru
 29743 | Vaults:1 | Reached skill level 15 in Armour
 30004 | Vaults:1 | Learned a level 1 spell: Animate Skeleton
 30197 | Vaults:1 | Found Plog's Antique Weapon Shop.
 30446 | Vaults:1 | Found Tezxam's General Store.
 30454 | Vaults:1 | Bought a potion of curing for 39 gold pieces
 30454 | Vaults:1 | Bought a scroll of torment for 97 gold pieces
 30456 | Vaults:1 | Found Senefios's Food Shoppe.
 30652 | Vaults:2 | Reached skill level 1 in Necromancy
 30820 | Vaults:2 | Received a gift from Okawaru
 30845 | Vaults:2 | Received a gift from Okawaru
 31101 | Vaults:2 | Reached skill level 1 in Dodging
 31433 | Vaults:2 | Reached XP level 20. HP: 126/187 MP: 28/28
 31492 | Vaults:2 | Reached skill level 5 in Dodging
 32072 | Vaults:2 | Received a gift from Okawaru
 32357 | Vaults:3 | Got a steaming emerald amulet
 32358 | Vaults:3 | Identified the amulet of the Original Sin {Inacc rPois
                  | Dex+4} (You found it on level 3 of the Vaults)
 32580 | Vaults:3 | Reached skill level 10 in Dodging
 32639 | Vaults:3 | Found Mecoxt's Antique Weapon Boutique.
 32653 | Vaults:3 | Found a staircase to the Crypt.
 32688 | Crypt:1  | Entered Level 1 of the Crypt
 33957 | Crypt:2  | Received a gift from Okawaru
 33960 | Crypt:2  | Got a scorched chain mail {god gift}
 33971 | Crypt:2  | Identified the +8 chain mail of Life {rN+ Int+6} (Okawaru
                  | gifted it to you on level 2 of the Crypt)
 34027 | Crypt:2  | Reached XP level 21. HP: 162/193 MP: 29/29
 35003 | Crypt:2  | Paralysed by a vampire knight for 3 turns
 35223 | Crypt:3  | Entered Level 3 of the Crypt
 35275 | Crypt:3  | Found the +12 Vampire's Tooth {vamp}
 35820 | Crypt:3  | Identified the +1 large shield "Xoogrutae" {MR++ Slay-2}
 35820 | Crypt:3  | Noticed Mennas
 35856 | Crypt:3  | Killed Mennas
 35856 | Crypt:3  | Received a gift from Okawaru
 35856 | Crypt:3  | Reached skill level 18 in Fighting
 35916 | Crypt:3  | Got scorched acid dragon scales {god gift}
 35927 | Crypt:3  | Identified the +1 acid dragon scales "Idaff" {-Tele rCorr
                  | Int+2 Dex+5} (Okawaru gifted it to you on level 3 of the
                  | Crypt)
 36461 | Crypt:3  | Reached skill level 5 in Necromancy
 36848 | Crypt:3  | Found a staircase to the Tomb.
 36866 | Tomb:1   | Entered Level 1 of the Tomb of the Ancients
 37057 | Tomb:1   | Paralysed by a sphinx for 6 turns
 37076 | Tomb:1   | Paralysed by a sphinx for 6 turns
 37665 | Crypt:3  | Reached XP level 22. HP: 110/202 MP: 25/30
 38028 | Crypt:3  | Identified the Papyrus of Evil Rituals
 38054 | Crypt:3  | Learned a level 2 spell: Corpse Rot
 38058 | Crypt:3  | Learned a level 3 spell: Regeneration
 38058 | Crypt:3  | Found an ancient bone altar of Kikubaaqudgha.
 38058 | Crypt:3  | Found a basalt altar of Yredelemnul.
 38097 | Crypt:3  | Received a gift from Okawaru
 38331 | Crypt:3  | Found the +9 staff of Olgreb {rPois}
 38686 | Vaults:3 | Reached skill level 1 in Charms
 38750 | Vaults:3 | Learned a level 4 spell: Animate Dead
 40310 | Vaults:4 | Received a gift from Okawaru
 41245 | Depths:1 | Entered Level 1 of the Depths
 41270 | Depths:1 | Reached XP level 23. HP: 130/211 MP: 31/31
 41345 | Depths:1 | Reached skill level 19 in Fighting
 41715 | Depths:1 | Found the +8 Wrath of Trog {antimagic, *Rage}
 41909 | Depths:1 | Reached skill level 5 in Charms
 41993 | Depths:1 | Found Cykhaosk's Gadget Shoppe.
 41993 | Depths:1 | Found Navieraw's Jewellery Shop.
 41994 | Depths:1 | Found Ruaqiur's Gadget Shoppe.
 42001 | Depths:1 | Bought an uncursed ring of protection from fire for 450
                  | gold pieces
 42098 | Depths:1 | Found a portal to a secret trove of treasure.
 42489 | Orc:2    | Bought 3 scrolls of acquirement for 2184 gold pieces
 42713 | Depths:1 | You paid a toll of 2 scrolls of acquirement to enter a
                  | treasure trove
 42714 | Trove    | Entered a treasure trove
 42744 | Trove    | Got a fine lapis lazuli ring
 42746 | Trove    | Got a translucent garnet amulet
 42769 | Trove    | Identified Qypegek's Reference Book on the Damaging Oath
 42771 | Trove    | Identified Gudeyn Qia's Handbook of Damaging Ignition
 42817 | Depths:1 | Identified the ring of Zeecs {rC+ Int+2} (You found it in a
                  | treasure trove)
 42818 | Depths:1 | Identified the amulet of Daffodils {Spirit rN+ Slay+2} (You
                  | found it in a treasure trove)
 43138 | Depths:1 | Found a gateway to Hell.
 43282 | Depths:1 | Found a one-way gate leading to the halls of Pandemonium.
 43430 | Depths:2 | Received a gift from Okawaru
 43589 | Depths:2 | Found a runed door.
 43591 | Depths:2 | Noticed a golden dragon
 43634 | Depths:2 | Paralysed by a floating eye for 2 turns
 43642 | Depths:2 | Paralysed by a floating eye for 2 turns
 43651 | Depths:2 | Paralysed by a floating eye for 4 turns
 43817 | Depths:2 | Paralysed by a floating eye for 2 turns
 43850 | Depths:2 | Killed a golden dragon
 43908 | Depths:2 | Got a crude lead ring
 43919 | Depths:2 | Identified the ring of the Ancients {Fire Dex+3} (You found
                  | it on level 2 of the Depths)
 44131 | Depths:2 | Found a transporter.
 44134 | Depths:2 | Found a transporter.
 44187 | Depths:2 | Identified the +3 faerie dragon scales {rElec rF- rCorr
                  | Int+3 SInv}
 44187 | Depths:2 | Noticed the Enchantress
 44269 | Depths:1 | Killed the Enchantress
 44358 | Depths:2 | Found a one-way gate to the infinite horrors of the Abyss.
 44877 | Depths:3 | Reached XP level 24. HP: 143/222 MP: 27/31
 45427 | Depths:3 | Paralysed by a floating eye for 3 turns
 45531 | Depths:3 | Reached skill level 10 in Necromancy
 45759 | Depths:3 | Received a gift from Okawaru
 45922 | Depths:3 | Got a polished plate armour
 45934 | Depths:3 | Identified the cursed +0 plate armour of the Bulwark {rF+
                  | rCorr} (You found it on level 3 of the Depths)
 46266 | Depths:4 | Noticed Margery
 46294 | Depths:4 | Killed Margery
 46294 | Depths:4 | Received a gift from Okawaru
 46365 | Depths:4 | Got a transparent plate armour
 46376 | Depths:4 | Identified the +7 plate armour "Suggor" {MR+} (You found it
                  | on level 4 of the Depths)
 46626 | Depths:4 | Found a gateway to a ziggurat.
 46984 | Depths:5 | Entered Level 5 of the Depths
 46990 | Depths:5 | Noticed Jory
 47006 | Depths:5 | Killed Jory
 47006 | Depths:5 | Reached skill level 20 in Fighting
 47054 | Depths:5 | Killed from afar by a spriggan air mage

Vault maps used:
D:1:      scummos_arrival_gate, chequers_mini_garden
D:2:      dk_noncrumbling_4, minmay_circle_x
D:3:      led_xom_imps, minmay_pentangle
D:4:      minmay_temple_entry_antechambers, first_ration, uniq_robin,
          uniq_blork_the_orc, uniq_grinder
D:5:      kennysheep_kobold_camp, serial_shops, shop, nicolae_ru_path_of_blood,
          uniq_eustachio
D:7:      lemuel_coloured_pillars_altar, chequers_ossuary_entry_cave,
          uniq_prince_ribbit1
D:8:      chequers_temple_overflow_minitemple, hangedman_ranch, uniq_grum,
          uniq_harold
D:9:      kennysheep_mini_moat, minmay_orc_entry_temple_small, okawaru_humans
D:11:     grunt_lair_entry_orc_guard_hut, serial_shops, shop
D:12:     serial_shops, shop
D:13:     ebering_ghost_reflecting_pool, lemuel_flamethrower_1
D:14:     grunt_vaults_entry_tiered, serial_shops, nicolae_shop_behind_doors,
          basic_altar, infiniplex_staircase_door_maze, nicolae_elemental_shop,
          uniq_nessos, uniq_snorg
D:15:     grunt_enter_depths_giant_problem, basic_altar, minmay_misc_feat_alley
Temple:   jpeg_temple_clearing
Lair:1:   basic_altar, lemuel_fruit_tree
Lair:2:   grunt_forest_large_clearing_hut, grunt_megastairs_2,
          infiniplex_staircase_pool
Lair:3:   serial_bayou_shore_a, serial_bayou_shore_b
Lair:4:   elwin_shoals_entry_rocks, nicolae_spider_entry_non_spiders,
          basic_altar, st_stairs_11
Lair:6:   hangedman_lair_caniforms_friends, slime_altar_1, portal_ice_cave_rime,
          lemuel_fruit_fields
Shoals:1: serial_shops, nicolae_shop_statue_plus
Shoals:4: shoals_end_simple, uniq_polyphemus
Spider:1: nicolae_spider_ant_collections
Spider:3: uniq_roxanne
Spider:4: spider_rune_water, drop_trap, hangedman_stitches_earthworm,
          uniq_arachne, uniq_louise
Orc:1:    serial_shops, shop, nicolae_shop_statue_plus,
          nicolae_shop_competitors_out_of_business,
          nicolae_shop_window_shopping, shop_statue, enter_bailey_2,
          trog_hazing_becter
Orc:2:    st_orc_open, uniq_josephine
Vaults:1: grunt_vaults_hallway_short, nicolae_vaults_asterisk,
          nicolae_vaults_network_star, v_misc_11, hangedman_vaults_capsules,
          vaults_room_fancy_cross, ontoclasm_vaults_spin,
          nicolae_vaults_three_branches, serial_shops, shop, shop_fountains,
          nicolae_shop_behind_doors, shop
Vaults:2: ontoclasm_vaults_twist, nicolae_vaults_puzzle_piece, st_octagons_2,
          v_rooms_3, ontoclasm_vaults_shuriken, grunt_vaults_trifunnel,
          v_pattern_2, nicolae_vaults_little_squares_3,
          nicolae_vaults_little_squares_2, dpeg_vaults_monster_box,
          vaults_room_grid, vaults_room_fours
Vaults:3: hangedman_vaults_cutoff, dpeg_vaults_monster_row,
          minmay_crypt_entry_simple_box, v_alt_pattern_3, vaults_mumra_hexcomb,
          st_more_cells, ontoclasm_vaults_tryst, ontoclasm_vaults_ring_large,
          v_alt_pattern_5, vaults_standard_mumra_x,
          ontoclasm_vaults_claustrophobia, nicolae_vaults_shelves_hall,
          vaults_dpeg_ring, vaults_room_fours, serial_shops, shop
Vaults:4: nicolae_vaults_c_with_doors, nicolae_vaults_back_hallway,
          hangedman_vaults_corner, v_alt_pattern_1,
          nicolae_vaults_ring_of_whatevers, hangedman_vaults_maws, v_misc_27,
          nicolae_vaults_diagonal_hallway_6, v_misc_23
Crypt:3:  lightli_unholy_cathedral,
          nicolae_tomb_entry_unfolded_pyramid_diagonal,
          serial_sigils_hangedman_confine, minmay_guarded_unrand_vampires_tooth,
          uniq_mennas
Depths:1: enter_trove_5, grunt_hell_entry_dis_mu, rand_demon_pan_entry_7,
          kennysheep_minor_cross, minmay_guarded_unrand_wrath_of_trog,
          minmay_shop_grove
Depths:2: gammafunk_jiyva_shrine, pf_hell_entry_tar_spiral, abyss_entry_crystal,
          minmay_st_funbox, minmay_staircase_statues, serial_bayou_shore_b,
          uniq_enchantress
Depths:3: minmay_box_of_curves, abyss_entry, rand_demon_pan_entry_3,
          pf_dread_powers_of_hell, hangedman_decor_opposing
Depths:4: minmay_distorted_concentric_squares, enter_ziggurat_b,
          grunt_metal_band, abyss_entry, minmay_staircase_bubble
Depths:5: evilmike_zot_entry_basic, hell_entry, serial_shops, shop,
          serial_co_window_serial, co_window_cross_1, co_window_paths_a,
          co_window_paths_a, co_window_of_opportunity_a, co_window_corner_a,
          co_window_2corner, co_window_unsneaky_path_d, co_window_broadway_a,
          co_window_cross_3, co_window_unsneaky_path_b, co_window_corner_ca,
          glass_columns_a, glass_columns_a, glass_columns_b, glass_columns_c,
          uniq_margery, uniq_jory
Trove:    trove_garden
Ossuary:  ossuary_tomb_1
Bailey:   bailey_axe_4, bailey
IceCv:    ice_cave_small_demon

Skill      XL: |  1  2  3  4  5  6  7  8  9 10 11 12 13 14 15 16 17 18 19 20 21 22 23 24 |
---------------+-------------------------------------------------------------------------+-----
Armour         | 3 4 5 7 8 9 10 11 12 13 14 15 16 17 | 17.2
Shields        | 3 4 5 7 8 9 10 11 12 13 14 15 16 17 | 17.9
Unarmed Combat | 3 4 5 6 8 9 10 11 12 13 14 15 16 17 18 19 | 19.9
Fighting       | 4 5 6 8 9 10 11 12 14 15 16 17 18 19 20 | 20.0
Invocations    | 3 5 7 9 10 12 13 | 13.5
Necromancy     | 2 5 7 9 10 | 10.0
Dodging        | 4 11 12 | 12.5
Charms         | 4 6 7 |  7.0

Action                   |  1- 3 |  4- 6 |  7- 9 | 10-12 | 13-15 | 16-18 | 19-21 | 22-24 || total
-------------------------+-------+-------+-------+-------+-------+-------+-------+-------++-------
Melee: Unarmed           |    72 |   299 |   673 |   844 |  1756 |  1908 |  2036 |  2037 ||  9625
 Cast: Regeneration      |       |       |       |       |       |       |       |     1 ||     1
Invok: Heroism           |       |       |     6 |    26 |    50 |    35 |    24 |    30 ||   171
       Finesse           |       |       |       |       |     7 |     9 |    13 |    21 ||    50
Evoke: Wand              |       |     1 |     1 |       |       |     2 |     1 |     6 ||    11
       Phantom mirror    |       |       |       |       |       |       |     2 |       ||     2
       Fan of gales      |       |       |       |       |       |       |     1 |     1 ||     2
  Use: Potion            |       |     2 |       |       |     6 |     4 |     8 |     3 ||    23
       Scroll            |       |       |     7 |     2 |    17 |    13 |     2 |    17 ||    58
 Stab: Held in net/web   |       |       |       |     1 |       |       |       |       ||     1
       Petrified         |       |       |       |       |       |     8 |       |       ||     8
       Confused          |       |       |       |       |       |     2 |     5 |       ||     7
  Eat: Chunk             |     2 |    39 |    38 |    95 |   177 |   239 |   125 |   181 ||   896
       Ration            |       |       |       |       |       |       |     2 |     1 ||     3
Armor: Scale mail        |    22 |   102 |     2 |       |       |       |       |       ||   126
       Plate armour      |       |       |   255 |   266 |   418 |   303 |       |       ||  1242
       Chain mail        |       |       |       |       |       |   470 |   392 |   208 ||  1070
       Gold dragon scale |       |       |       |       |       |       |       |    63 ||    63
Dodge: Dodged            |    12 |    71 |    74 |   129 |   303 |   417 |   209 |   233 ||  1448
Block: Shield            |    29 |   134 |   399 |   643 |  1730 |  1998 |    14 |       ||  4947
       Reflection        |       |       |    10 |    11 |    98 |    79 |    68 |    92 ||   358
       Large shield      |       |       |       |       |       |   194 |  2001 |  1824 ||  4019
       Other             |       |       |       |       |       |       |     1 |       ||     1

Table legend:
 A = Non-vault XP
 B = Vault XP
 C = Vault XP percentage of total XP
 D = Non-vault monster count
 E = Vault monster count
 F = Vault count percentage of total count
                 A         B        C        D         E       F
            +---------+---------+-------+---------+---------+-------
      Total |  571537 |  356289 |  38.4 |    1388 |     682 |  32.9
            +---------+---------+-------+---------+---------+-------
        D:1 |      51 |       0 |   0.0 |      22 |       0 |   0.0
        D:2 |     100 |      12 |  10.7 |      23 |       4 |  14.8
        D:3 |     127 |     170 |  57.2 |      26 |       9 |  25.7
        D:4 |      41 |     413 |  91.0 |       8 |      15 |  65.2
        D:5 |     721 |     321 |  30.8 |      19 |      22 |  53.7
        D:6 |     644 |       0 |   0.0 |      24 |       0 |   0.0
        D:7 |    1069 |     264 |  19.8 |      23 |       1 |   4.2
        D:8 |    1898 |    3767 |  66.5 |      27 |      13 |  32.5
        D:9 |    2266 |     755 |  25.0 |      25 |      11 |  30.6
       D:10 |    1218 |       0 |   0.0 |      18 |       0 |   0.0
       D:11 |    4764 |     514 |   9.7 |      35 |       4 |  10.3
       D:12 |    5265 |       0 |   0.0 |      51 |       0 |   0.0
       D:13 |    5557 |    1118 |  16.7 |      30 |       1 |   3.2
       D:14 |    8819 |   10333 |  54.0 |      33 |      27 |  45.0
       D:15 |   13356 |    1683 |  11.2 |      29 |       1 |   3.3
     Lair:1 |    2465 |       0 |   0.0 |      12 |       0 |   0.0
     Lair:2 |    2106 |    1785 |  45.9 |      10 |       5 |  33.3
     Lair:3 |    6688 |       0 |   0.0 |      27 |       0 |   0.0
     Lair:4 |    3495 |     580 |  14.2 |      21 |      10 |  32.3
     Lair:5 |    6793 |       0 |   0.0 |      29 |       0 |   0.0
     Lair:6 |    7077 |   11429 |  61.8 |      27 |      58 |  68.2
   Shoals:1 |   11808 |       0 |   0.0 |      23 |       0 |   0.0
   Shoals:2 |    5096 |       0 |   0.0 |       9 |       0 |   0.0
   Shoals:3 |    7663 |       0 |   0.0 |      15 |       0 |   0.0
   Shoals:4 |   13706 |   30636 |  69.1 |      28 |      44 |  61.1
   Spider:1 |   20003 |    4395 |  18.0 |      60 |      14 |  18.9
   Spider:2 |   16224 |       0 |   0.0 |      45 |       0 |   0.0
   Spider:3 |   18244 |    1772 |   8.9 |      43 |       1 |   2.3
   Spider:4 |    5301 |   27244 |  83.7 |      11 |      51 |  82.3
      Orc:1 |    6467 |      10 |   0.2 |      40 |       6 |  13.0
      Orc:2 |    6654 |   17681 |  72.7 |      69 |      42 |  37.8
   Vaults:1 |   40640 |    9877 |  19.6 |      72 |      12 |  14.3
   Vaults:2 |   44938 |   30618 |  40.5 |      64 |      35 |  35.4
   Vaults:3 |   27076 |   27020 |  49.9 |      39 |      45 |  53.6
   Vaults:4 |   45502 |   21307 |  31.9 |      61 |      34 |  35.8
    Crypt:1 |   17392 |       0 |   0.0 |      28 |       0 |   0.0
    Crypt:2 |   40403 |       0 |   0.0 |      52 |       0 |   0.0
    Crypt:3 |   30122 |   58836 |  66.1 |      35 |      58 |  62.4
     Tomb:1 |    2085 |    2289 |  52.3 |       4 |       1 |  20.0
   Depths:1 |   43226 |   18187 |  29.6 |      52 |      19 |  26.8
   Depths:2 |   32908 |   16193 |  33.0 |      40 |      10 |  20.0
   Depths:3 |   38758 |   29147 |  42.9 |      48 |      23 |  32.4
   Depths:4 |   19470 |   13075 |  40.2 |      28 |       9 |  24.3
   Depths:5 |    3331 |    7552 |  69.4 |       3 |       4 |  57.1
    Ossuary |       0 |     269 | 100.0 |       0 |      39 | 100.0
     Bailey |       0 |    2313 | 100.0 |       0 |      26 | 100.0
      IceCv |       0 |    4724 | 100.0 |       0 |      28 | 100.0
            +---------+---------+-------+---------+---------+-------
